 Dungeon Crawl Stone Soup version 0.28.0-53-g5a82cb258f (webtiles) character file.

Game seed: 4860095140033687037

223 Descartes the Sneak (level 5, 0/22 HPs)
             Began as a Felid Wanderer on July 10, 2022.
             Slain by a bat zombie (1 damage)
             ... in a sewer.
             The game lasted 00:06:19 (4850 turns).

Descartes the Sneak (Felid Wanderer)                Turns: 4850, Time: 00:06:20

Health: 0/22       AC:  1    Str:  4 (7)  XL:     5   Next: 66%
Magic:  7/7        EV: 19    Int: 11 (13) God:
Gold:   111        SH:  0    Dex: 18 (19) Spells: 6/6 levels left
                                        Lives:  0   Deaths: 1

rFire   . . .      SeeInvis +     - Unarmed
rCold   . . .      Faith    .   (shield unavailable)
rNeg    . . .      Spirit   .   (armour unavailable)
rPois   .          Reflect  .   (helmet unavailable)
rElec   .          Harm     .   (cloak unavailable)
rCorr   .          Rampage  .   (gloves unavailable)
Will    .....                   (boots unavailable)
Stlth   ++++......              (no amulet)
HPRegen 0.07/turn               (no ring)
MPRegen 0.10/turn               (no ring)

@: quick
A: very small, claws 1, fangs 3, see invisible, speed 1, shaggy fur 1, stealthy
paws, no weapons or thrown items, no armour, multi-lived
a: no special abilities


You were in a sewer.
You visited 1 branch of the dungeon, and saw 4 of its levels.
You also visited: Sewer.

You collected 111 gold pieces.

Inventory:

Scrolls
 c - a scroll of immolation
 h - 2 scrolls of teleportation
 j - a scroll of fog
 l - a scroll of holy word
Potions
 b - a potion of attraction
 d - a potion of degeneration
 e - a potion of might {unknown}
 f - a potion of haste {unknown}
 i - a potion of brilliance {unknown}
 o - a potion of magic {unknown}
 p - a potion of berserk rage {unknown}
Miscellaneous
 a - a tin of tremorstones (2/2) (quivered)


   Skills:
 - Level 2.0 Fighting
 + Level 3.9 Dodging
 * Level 7.0 Stealth
 + Level 3.6 Unarmed Combat
 - Level 1.0 Spellcasting
 - Level 3.2 Evocations


You had 6 spell levels left.
You didn't know any spells.
Your spell library was empty.

Dungeon Overview and Level Annotations

Branches:
Dungeon (4/15)             Temple (0/1) D:4           Sewer (1/1)

Altars:
Nemelex Xobeh

Shops:
D:4 *


Innate Abilities, Weirdness & Mutations

You have sharp claws.
You have razor-sharp teeth.
You have supernaturally acute eyesight. (SInv)
You cover ground quickly. (Speed+)
You are covered in fur. (AC +1)
Your paws help you pounce on unaware monsters.
You are incapable of wielding weapons or throwing items.
You cannot wear armour.
You gain extra lives every three experience levels.


Message History

a +0 club; a kobold skeleton You flicker back into view.
Things that are here:
a +0 club; a stone; a kobold corpse
Items here: ( )) ÷.
Things that are here:
a +0 whip; 2 stones A bat zombie comes into view.
You scratch the kobold brigand.
The kobold brigand is lightly wounded.
The kobold brigand hits you with a +0 short sword.
* * * LOW HITPOINT WARNING * * *
You closely miss the kobold brigand.
The kobold brigand is lightly wounded.
The bat zombie closely misses you. The kobold brigand misses you.
You scratch the kobold brigand but do no damage.
The kobold brigand is lightly wounded.
The bat zombie misses you. The bat zombie closely misses you.
The kobold brigand closely misses you. The bat zombie completely misses you.
You closely miss the kobold brigand.
You claw the kobold brigand, but do no damage.
The kobold brigand is lightly wounded.
The bat zombie misses you. x2; The kobold brigand closely misses you.
The bat zombie misses you.
Unknown command.
You scratch the kobold brigand.
The kobold brigand is lightly wounded.
The bat zombie hits you.
* * * LOW HITPOINT WARNING * * *
The bat zombie closely misses you. The kobold brigand closely misses you.
You scratch the kobold brigand.
The kobold brigand is lightly wounded.
The bat zombie closely misses you. x2
The kobold brigand hits you with a +0 short sword.
* * * LOW HITPOINT WARNING * * *
The bat zombie barely misses you.
You scratch the kobold brigand but do no damage.
The kobold brigand is lightly wounded.
The bat zombie misses you. The bat zombie hits you.
You die...

≈≈≈≈≈≈≈≈≈..≈ ≈≈≈≈≈≈≈≈≈#)≈
#################.≈
+.≈≈≈≈≈≈≈≈≈≈≈≈≈≈#.≈
#..≈≈≈≈≈≈≈≈≈≈≈≈≈#.≈
#.≈≈≈≈≈≈≈≈≈≈≈≈≈≈#.≈
#.≈≈≈≈≈≈≈≈≈≈≈≈≈≈#.≈ ''
#≈≈.#K.≈≈≈≈≈≈≈≈≈≈≈≈≈#.≈
.. #≈≈.#.@.≈≈≈≈≈≈≈≈≈≈≈
#.≈
W###.####Z#≈###≈≈#≈####.≈
.#...#≈≈......÷)....)#.≈
'...≈≈≈≈.....)).....).≈
#...#≈≈......)......#.≈
##)####.###≈##≈##≈####≈
#≈K)#...≈≈≈≈≈≈≈≈≈≈≈≈ ≈
#≈≈K#.)≈≈≈≈≈≈≈≈≈≈≈≈≈≈≈≈
#≈≈Z#.≈≈≈≈≈≈≈≈≈≈≈≈≈≈≈≈≈


You could see a kobold brigand and a bat zombie.

Vanquished Creatures
  A phantom (Sewer)
  A howler monkey (D:2)
  A bullfrog zombie (D:3)
  A hound (D:4)
  Jessica (D:3)
  3 adders
  2 ufetubi (Sewer)
  A worm (D:2)
  2 dart slugs (D:3)
  3 orcs (D:3)
  7 ball pythons
  8 endoplasms
  A giant cockroach (Sewer)
  6 goblins
  8 hobgoblins
  3 quokkas
  7 bats
  2 frilled lizards
  21 kobolds
  A kobold zombie (Sewer)
  7 rats
87 creatures vanquished.

Notes
Turn   | Place    | Note
-------+----------+-------------------------------------------
     0 | D:1      | Descartes the Felid Wanderer began the quest for the Orb.
     0 | D:1      | Descartes set off with the following items: a tin of
                  | tremorstones (2/2), a potion of attraction
     0 | D:1      | Reached XP level 1. HP: 9/9 MP: 3/3
   144 | D:1      | Reached skill level 3 in Stealth
   152 | D:1      | You fall into a shaft and drop 1 floor!
   389 | D:1      | Reached skill level 1 in Dodging
   389 | D:1      | Reached XP level 2. HP: 12/13 MP: 4/4
  1380 | D:2      | Reached skill level 4 in Stealth
  1562 | D:2      | Reached XP level 3. HP: 16/16 MP: 5/5
  2031 | D:2      | Found a sparkling altar of Nemelex Xobeh.
  2401 | D:2      | Found a faded altar of an unknown god.
  2699 | D:3      | Reached XP level 4. HP: 19/19 MP: 6/6
  2708 | D:3      | Noticed Jessica
  2978 | D:2      | Reached skill level 5 in Stealth
  3142 | D:3      | Killed Jessica
  3439 | D:3      | Reached XP level 5. HP: 3/22 MP: 7/7
  3789 | D:3      | Reached skill level 6 in Stealth
  4195 | D:4      | Found Dof Vaw's General Store.
  4239 | D:4      | HP: 1/22 [hobgoblin (3)]
  4249 | D:4      | Noticed a black bear
  4251 | D:4      | Found a staircase to the Ecumenical Temple.
  4301 | D:4      | Found a glowing drain.
  4306 | D:4      | Slain by an adder
  4307 | D:4      | Reached XP level 4. HP: -2/19 MP: 6/6
  4364 | Sewer    | Entered a sewer
  4640 | Sewer    | Reached XP level 5. HP: 21/22 MP: 7/7
  4657 | Sewer    | Noticed a phantom
  4796 | Sewer    | Killed a phantom
  4797 | Sewer    | Reached skill level 7 in Stealth
  4849 | Sewer    | HP: 1/22 [kobold brigand/+0 short sword (1)]
  4850 | Sewer    | Slain by a bat zombie

Illustrated notes

Levels and vault maps discovered:
D:1:      dpeg_arrival_ternary, layout_basic, minmay_heptomino_w4
D:2:      minmay_inner_zag, layout_loops_ring, basic_altar,
          nicolae_ecumenical_lake_church
D:3:      layout_loops_ring, uniq_jessica
D:4:      layout_basic, temple_fountains, portal_sewer_entry_d, serial_shops,
          nicolae_take_the_stairs, kennysheep_mini
Sewer:    kennysheep_sewer_church

Skill      XL: |  1  2  3  4  5 |
---------------+----------------+-----
Stealth        | 3 4 5 7 |  7.0
Dodging        | 1 2 3 |  3.9
Unarmed Combat | 3 |  3.6
Fighting       | |  2.0
Spellcasting   | |  1.0
Evocations     | |  3.2

Action                   |  1- 3 |  4- 6 || total
-------------------------+-------+-------++-------
Melee: Unarmed           |   119 |   135 ||   254
       Bite              |    14 |    20 ||    34
       Punch             |     3 |     3 ||     6
  Use: Scroll            |       |     6 ||     6
       Potion            |       |     2 ||     2
 Stab: Sleeping          |    13 |     6 ||    19
       Distracted        |       |     2 ||     2
       Invisible         |       |     2 ||     2
Armor: Skin              |     4 |    11 ||    15
Dodge: Dodged            |    70 |   134 ||   204
